Map: Iron Fortress LE (Void)

Players

BadLing - Winner!

  • Race: Zerg Zerg

Pseudorandom

VOD

http://www.twitch.tv/pseudorandom63/b/646849655

Description

Time

  • Played on: April 6, 2015, 10:40 p.m.
  • Length: 6:51
Show
View Real Time Build Order
Export as new Build Order

BadLing Zerg - Winner!

Build Orders: Hatch First 

Get SALT Encoding   

  12  0:01  Drone  
  13  0:12  Overlord  
  13  0:18  Drone  
  14  0:31  Drone x2  
  14  0:34  Drone  
  17  0:53  Hatchery  
  17  0:54  Drone  
  17  0:59  Drone  
  18  1:06  Drone  
  18  1:08  Extractor  
  18  1:16  Spawning Pool  
  17  1:19  Drone  
  18  1:28  Drone  
  19  1:38  Overlord  
  19  1:55  Drone  
  20  2:04  Drone, Queen  
  20  2:05  Queen  
  20  2:06  Zergling x2  
  26  2:09  Metabolic Boost  
  26  2:11  Drone  
  27  2:17  Drone  
  28  2:24  Drone  
  29  2:33  Drone x2  
  31  2:37  Overlord  
  31  2:46  Drone  
  32  2:52  Overlord  
  32  3:02  Zergling x4  
  34  3:10  Zergling x4  
  35  3:14  Zergling x6  
  35  3:15  Zergling x6  
  35  3:17  Zergling x4  
  43  3:27  Zergling x4  
  45  3:38  Roach Warren  
  44  3:41  Zergling x6  
  47  3:49  Drone x4  
  47  3:50  Drone  
  47  3:51  Overlord  
  47  3:52  Lair  
  52  3:56  Evolution Chamber  
  52  3:59  Drone x4  
  48  4:12  Extractor  
  48  4:13  Extractor  
  39  4:26  Zergling x4  
  39  4:27  Zergling x14  
  48  4:32  Extractor  
  48  4:34  Zergling x4  
  48  4:35  Zergling x2  
  50  4:52  Zergling x8  
  54  5:01  Spire  
  54  5:03  Overlord  
  54  5:04  Overlord  
  53  5:07  Drone x4  
  53  5:08  Drone  
  56  5:15  Drone x3  
  59  5:28  Drone x6  
  57  5:41  Drone x3  
  55  6:05  Zergling x10  
  56  6:17  Mutalisk x5  
  56  6:18  Mutalisk x3  
  68  6:22  Hatchery, Mutalisk  
  68  6:25  Overlord  
  73  6:30  Overlord  
Show
View Real Time Build Order
Export as new Build Order

Pseudorandom Zerg 

Build Orders: Pool First 

Get SALT Encoding   

  12  0:01  Drone  
  13  0:16  Overlord  
  13  0:20  Drone  
  14  0:35  Drone x2  
  16  0:39  Drone  
  17  0:46  Spawning Pool  
  17  0:49  Drone  
  17  1:01  Drone  
  18  1:14  Hatchery  
  18  1:16  Drone  
  18  1:19  Extractor  
  17  1:28  Drone  
  17  1:32  Queen  
  18  1:34  Zergling x2  
  21  1:43  Overlord  
  21  1:57  Drone  
  22  2:05  Drone  
  22  2:08  Queen  
  23  2:15  Drone  
  26  2:20  Metabolic Boost  
  26  2:31  Drone x2  
  26  2:34  Spine Crawler  
  27  2:39  Drone x3  
  27  2:40  Drone x2  
  33  2:48  Evolution Chamber  
  32  2:53  Overlord  
  32  2:57  Drone x2  
  34  3:02  Lair  
  34  3:05  Extractor  
  34  3:11  Drone x2  
  34  3:12  Drone  
  36  3:22  Zergling x2  
  36  3:24  Zergling x6  
  41  3:27  Zergling x6  
  41  3:28  Zergling x2  
  44  3:39  Spine Crawler  
  44  3:40  Baneling Nest  
  40  3:51  Zergling x2  
  40  3:52  Zergling x6  
  44  4:00  Zergling x8  
  44  4:08  Zergling x8  
  38  4:19  Spire  
  38  4:23  Zergling x6  
  38  4:33  Drone  
  38  4:35  Zerg Ground Armor Level 1  
  39  4:43  Queen  
  40  4:59  Overlord, Queen  
  42  5:04  Zergling x4  
  44  5:19  Baneling x3  
  28  5:44  Mutalisk x3  
  28  5:45  Zergling x2  
  28  5:46  Zergling x6  
  37  5:56  Queen  
  39  6:02  Zergling x6  
  39  6:03  Zergling x2  
  41  6:08  Mutalisk  
  42  6:12  Drone  
  42  6:18  Mutalisk  
  45  6:25  Baneling x2  
Tags
 
Add a new tag
Caveats
  • Supply blocks, unpowered buildings, or Contaminate may cause inaccurate times.
  • Supply counts are checked every 10 seconds.